 Dungeon Crawl Stone Soup version 0.28.0-53-g5a82cb258f (webtiles) character file.

Game seed: 17957895849484998237

110 Doot the Magician (level 4, 0/27 HPs)
             Began as an Octopode Hedge Wizard on June 18, 2022.
             Succumbed to an adder's poison
             ... on level 5 of the Dungeon.
             The game lasted 00:07:56 (4056 turns).

Doot the Magician (Octopode Hedge Wizard)           Turns: 4056, Time: 00:07:57

Health: 0/27       AC:  1    Str:  9    XL:     4   Next: 91%
Magic:  4/10       EV: 13    Int: 18    God:
Gold:   102        SH:  0    Dex: 11    Spells: 1/11 levels left

rFire   . . .      SeeInvis .   a - +0 dagger
rCold   . . .      Faith    .   (no shield)
rNeg    . . .      Spirit   .   b - +0 hat
rPois   .          Reflect  .   (no amulet)
rElec   .          Harm     .   (no ring)
rCorr   .          Rampage  .   (no ring)
Will    .....                   (no ring)
Stlth   +++.......              (no ring)
HPRegen 0.09/turn               (no ring)
MPRegen 0.12/turn               (no ring)
                                (no ring)
                                (no ring)

@: lethally poisoned (0 -> -1)
A: almost no armour, amphibious, 8 rings, camouflage 1, gelatinous body 1,
(nimble swimmer 1), tentacles, tentacle spike 1
a: no special abilities


You were on level 5 of the Dungeon.
You visited 1 branch of the dungeon, and saw 5 of its levels.

You collected 102 gold pieces.

Inventory:

Hand Weapons
 a - a +0 dagger (weapon)
Armour
 b - a +0 hat (worn)
 e - a +0 kite shield
Jewellery
 i - an amulet of guardian spirit
Scrolls
 c - a scroll of fear {unknown}
 d - a scroll of blinking {unknown}
 f - 3 scrolls of identify {unknown}
 h - 2 scrolls of enchant armour {unknown}
 j - 2 scrolls of immolation {unknown}


   Skills:
 + Level 0.2 Fighting
 + Level 0.3 Short Blades
 + Level 2.6 Dodging
 + Level 3.0 Stealth
 + Level 0.5 Unarmed Combat
 + Level 4.0 Spellcasting
 * Level 2.3 Conjurations
 + Level 1.0 Summonings
 + Level 1.1 Translocations
 + Level 0.4 Transmutations


You had one spell level left.
You knew the following spells:

 Your Spells              Type           Power      Damage    Failure   Level
a - Magic Dart            Conj           44%        1d5       6%          1
b - Blink                 Tloc           14%        N/A       14%         2
c - Beastly Appendage     Tmut           10%        N/A       12%         1
d - Conjure Flame         Conj/Fire      7%         6-21      28%         3
e - Mephitic Cloud        Conj/Pois/Air  6%         N/A       32%         3

Your spell library contained the following spells:

 Spells                   Type           Power      Damage    Failure   Level
 Slow                     Hex            12%        N/A       14%         1
 Call Imp                 Summ           7%         N/A       14%         2
 Wereblood                Tmut           5%         N/A       19%         2
 Summon Guardian Golem    Hex/Summ       5%         N/A       34%         3
 Spider Form              Tmut/Pois      4%         N/A       38%         3
 Freezing Cloud           Conj/Ice/Air   3%         6-21      96%         5
 Simulacrum               Ice/Necr       1%         N/A       100%        6
 Orb of Destruction       Conj           5%         9d5       100%        7
 Spellforged Servitor     Conj/Summ      4%         N/A       100%        7
 Polar Vortex             Ice            1%         N/A       100%        9


Dungeon Overview and Level Annotations

Branches:
Dungeon (5/15)
 Temple: D:4-7

Altars:

Shops:
D:2 *


Innate Abilities, Weirdness & Mutations

You cannot wear most types of armour.
You are amphibious.
You can wear up to eight rings at the same time.
Your skin changes colour to match your surroundings (Stealth+).
Your rubbery body absorbs attacks. (AC +1, EV +1)
((You are camouflaged when in or above water. (Stealth+)))
You have tentacles for arms and can constrict up to eight enemies at once.
One of your tentacles bears a spike.


Message History

Aim: an adder (heavily wounded, 100% to hit)
The magic dart hits the adder.
The adder is heavily wounded.
Unknown command.
Casting: Magic Dart (safe; 6% risk of failure)
Confirm with . or Enter, or press ? or * to list all spells.
Aiming: Magic Dart (safe; 6% risk of failure)
Press: ? - help, Shift-Dir - straight line, f/p - adder
Aim: an adder (heavily wounded, 100% to hit)
The magic dart hits the adder but does no damage.
The adder is heavily wounded.
The adder bites you.
You are poisoned.
The adder poisons you!
You hit the adder. Your grab misses the adder. Your squeeze misses the adder.
The adder is severely wounded.
You feel sick. The adder bites you.
You are lethally poisoned!
The adder poisons you!
You miss the adder. You grab the adder.
Your tentacle spike misses the adder.
You squeeze the adder.
You kill the adder!
You feel very sick.
You aren't carrying any potions.
Unknown command.
You hear the slow rusting of a very distant drain.
* * * LOW HITPOINT WARNING * * *
You feel sick.
* * * LOW HITPOINT WARNING * * *
You feel sick.
Found 27 gold pieces.
* * * LOW HITPOINT WARNING * * *
You feel sick.
* * * LOW HITPOINT WARNING * * *
You feel sick.
* * * LOW HITPOINT WARNING * * *
You feel sick.
* * * LOW HITPOINT WARNING * * *
You feel sick.
You die...

##.########...##....>
#....................
#.#..................
#....................
#####.########...##.....
#...)..# ###...#######
..###..# #.......#
..##...# #.#...#.#
...#.### ###..@#.#
..##.## #.........#
......# #...#.###.#
<##..## #.$.$..# ......#
#....... ###[..#
###..##.. #...# #..# ##
#...# #... ##[.#


There were no monsters in sight!

Vanquished Creatures
  A killer bee zombie (D:5)
  2 adders
  2 worms
  A dart slug (D:1)
  4 orcs (D:5)
  4 endoplasms
  2 giant cockroaches
  5 goblins
  5 hobgoblins
  4 quokkas
  6 ball pythons
  6 bats
  4 frilled lizards
  8 kobolds
  7 rats
61 creatures vanquished.

Notes
Turn   | Place    | Note
-------+----------+-------------------------------------------
     0 | D:1      | Doot the Octopode Hedge Wizard began the quest for the Orb.
     0 | D:1      | Reached XP level 1. HP: 11/11 MP: 4/4
   241 | D:2      | Reached XP level 2. HP: 17/17 MP: 0/6
   245 | D:2      | Learned a level 2 spell: Blink
   247 | D:2      | Learned a level 1 spell: Beastly Appendage
  1075 | D:2      | Reached XP level 3. HP: 21/21 MP: 6/8
  1230 | D:2      | Found Redoyfapt's General Store.
  1665 | D:1      | Learned a level 3 spell: Conjure Flame
  1860 | D:1      | You fall into a shaft and drop 1 floor!
  3332 | D:3      | Reached XP level 4. HP: 27/27 MP: 9/9
  3467 | D:3      | Noticed a black bear
  3510 | D:2      | Gained mutation: One of your tentacles bears a spike.
                  | [potion of mutation]
  3849 | D:5      | Entered Level 5 of the Dungeon
  3910 | D:5      | Noticed an ogre
  3929 | D:5      | Learned a level 3 spell: Mephitic Cloud
  4003 | D:5      | Reached skill level 4 in Spellcasting
  4055 | D:5      | HP: 1/27 [poisoned by an adder]
  4056 | D:5      | Succumbed to an adder's poison

Illustrated notes

Levels and vault maps discovered:
D:1:      dpeg_arrival_signposts, layout_basic
D:2:      layout_rooms, serial_shops, nicolae_shop_window_shopping
D:3:      layout_loops_cross, amcnicky_mini_corridor_feature, kennysheep_doodads
D:4:      layout_rooms, minmay_mini_ossuary, uniq_edmund
D:5:      layout_loops_cross, lemuel_zombie_altar_yredelemnul,
          cheibrodos_sewer_entry_bend, kennysheep_generic_room_10

Skill      XL: |  1  2  3  4 |
---------------+-------------+-----
Stealth        | 3 |  3.0
Spellcasting   | 4 |  4.0
Conjurations   | 2 |  2.3
Fighting       | |  0.2
Short Blades   | |  0.3
Dodging        | |  2.6
Unarmed Combat | |  0.5
Summonings     | |  1.0
Translocations | |  1.1
Transmutations | |  0.4

Action                   |  1- 3 |  4- 6 || total
-------------------------+-------+-------++-------
Melee: Dagger            |    14 |    19 ||    33
       Constrict         |    14 |     5 ||    19
       Tentacles         |     8 |     5 ||    13
       Unarmed           |    27 |       ||    27
       Kick              |     5 |     6 ||    11
 Cast: Magic Dart        |    92 |    23 ||   115
       Beastly Appendage |     4 |       ||     4
       Blink             |     3 |       ||     3
       Conjure Flame     |       |     2 ||     2
  Use: Potion            |       |     3 ||     3
 Stab: Sleeping          |     4 |       ||     4
       Distracted        |     1 |       ||     1
Armor: Skin              |     7 |     3 ||    10
Dodge: Dodged            |    52 |     6 ||    58
